 Dungeon Crawl Stone Soup version 0.20-a0-522-g0b37eee (webtiles) character file.

54 Asddderdsw the Conjurer (level 3, -1/26 HPs)
             Began as a Draconian Conjurer on Jan 25, 2017.
             Slain by a worker ant (7 damage)
             ... on level 3 of the Dungeon.
             The game lasted 00:08:18 (1091 turns).

Asddderdsw the Conjurer (Draconian Conjurer)        Turns: 1091, Time: 00:08:20

Health: -1/26      AC:  5    Str: 10    XL:     3   Next: 66%
Magic:  0/6        EV: 12    Int: 16    God:
Gold:   38         SH:  0    Dex: 11    Spells: 0/6 levels left

rFire    . . .     SeeInvis .   c - +0 club
rCold    . . .     Gourm    .   (armour unavailable)
rNeg     . . .     Faith    .   (no shield)
rPois    .         Spirit   .   (helmet restricted)
rElec    .         Reflect  .   (no cloak)
rCorr    .         Harm     .   (no gloves)
MR       .....                  (no boots)
Stlth    ++........             (no amulet)
Regen    0.1/turn               (no ring)
                                (no ring)

@: lethally poisoned (-1 -> -14)
A: unfitting armour, cold-blooded, AC +5
a: no special abilities


You were on level 3 of the Dungeon.
You were not hungry.

You visited 1 branch of the dungeon, and saw 3 of its levels.

You collected 38 gold pieces.

Inventory:

Hand Weapons
 c - a +0 club (weapon)
Missiles
 e - 30 arrows
Scrolls
 i - 3 scrolls of identify {unknown}
Potions
 h - a potion of heal wounds {unknown}
 j - a potion of ambrosia {unknown}
Books
 a - a book of Conjurations

   Spells                             Type                      Level
   a - Magic Dart                     Conjuration                  1
   b - Searing Ray                    Conjuration                  2
   c - Dazzling Spray                 Conjuration/Hexes            3
   d - Fulminant Prism                Conjuration/Hexes            4
   e - Iskenderun's Mystic Blast      Conjuration                  4
   f - Iskenderun's Battlesphere      Conjuration/Charms           5
Comestibles
 b - a bread ration
 d - 3 fruits
 f - 4 chunks of flesh
 g - a royal jelly


   Skills:
 + Level 0.2 Maces & Flails
 + Level 2.0 Dodging
 + Level 1.9 Stealth
 + Level 2.2 Spellcasting
 + Level 5.0 Conjurations


You couldn't memorise any spells.
You knew the following spells:

 Your Spells              Type           Power        Failure   Level  Hunger
a - Magic Dart            Conj           ###.         2%          1    #......
b - Searing Ray           Conj           ###...       4%          2    ###....
c - Dazzling Spray        Conj/Hex       #.....       21%         3    ###....


Dungeon Overview and Level Annotations

Branches:
Dungeon (3/15)

Altars:

Annotations:
D:2 Natasha


Innate Abilities, Weirdness & Mutations

Your plain brown scales are hard. (AC +5)
You cannot fit into any form of body armour.
You are cold-blooded and may be slowed by cold attacks.


Message History

The worker ant is dazzled.
The worker ant bites you. The worker ant closely misses you.
You closely miss the worker ant.
Your tail-slap misses the worker ant.
The worker ant is lightly wounded.
The worker ant barely misses you.
You closely miss the worker ant.
The worker ant is lightly wounded.
The worker ant bites you.
You are poisoned.
The worker ant poisons you! The worker ant closely misses you.
You hit the worker ant.
The worker ant is lightly wounded.
You feel sick.
The worker ant is no longer blind.
The worker ant misses you.
You hit the worker ant but do no damage.
The worker ant is lightly wounded.
You feel sick. The worker ant bites you.
* * * LOW HITPOINT WARNING * * *
You are lethally poisoned!
The worker ant poisons you! The worker ant bites you!
You die...

..# ###### ###.# #.#....
..... #.#.#... #.#.# ##
#.#.#.... . #.#.#
#.#.#.#.#... ... #.#.#
##.#.#.#.#.#
.....#.#.####.#.#.#.#.#.
..>....@a[.."#.#.#.#.#.#
.....#.#......#.........
... #.#######.#........
. #. ..#......... [.
###.#.#.#.#.# ..
...#.....#.#.
....#.####.....#.#.#
........#.#.....#.#.
.......##.#.#.#.#.#


You could see a worker ant.

Vanquished Creatures
  2 adders
  2 dart slugs
  2 giant cockroaches (D:1)
  4 goblins
  6 hobgoblins (D:1)
  3 jackals (D:1)
  4 bats (D:1)
  2 frilled lizards (D:1)
  3 kobolds (D:1)
  4 rats (D:1)
32 creatures vanquished.

Notes
Turn   | Place    | Note
-------+----------+-------------------------------------------
     0 | D:1      | Asddderdsw the Draconian Conjurer began the quest for the Orb.
     0 | D:1      | Reached XP level 1. HP: 14/14 MP: 3/3
    93 | D:1      | Reached XP level 2. HP: 11/20 MP: 1/5
   357 | D:1      | Learned a level 2 spell: Searing Ray
   716 | D:1      | Reached XP level 3. HP: 6/26 MP: 2/6
   721 | D:1      | Learned a level 3 spell: Dazzling Spray
  1030 | D:2      | Noticed Natasha
  1062 | D:3      | Reached skill level 5 in Conjurations
  1091 | D:3      | Slain by a worker ant

Vault maps used:
D:1:      dpeg_arrival_windows_large_door
D:2:      kennysheep_big_empty_room, uniq_natasha
D:3:      nemelex_xobeh_ov_fountains_minmay

Skill      XL: |  1  2  3 |
---------------+----------+-----
Dodging        | 2 |  2.0
Conjurations   | 5 |  5.0
Maces & Flails | |  0.2
Stealth        | |  1.9
Spellcasting   | |  2.2

Action                   || total
-------------------------++-------
Melee: Club              ||    42
       Tailslap          ||     1
 Cast: Magic Dart        ||    53
       Dazzling Spray    ||     1
  Eat: Chunk             ||     2
Armor: Skin              ||    18
Dodge: Dodged            ||    53
